AoeStats
← TPE-床上小旋風

Arabia

505829732Analyzed
3v3 RM · 20d ago on Sep 11, 2026· 48m 14s· 6 players
Game mode
Random Map
Map size
Normal (6 player)
Population
200
Speed
Normal
Resources
Standard
Victory
Conquest
Starting age
Dark Age
Ending age
Imperial Age
RankedLock teamsTeams togetherTeam positionsShared explorationLock speedFull tech treeHidden civsTurbo modeCheats
Victory
Defeat
🇷🇺 Magyars · Russia
1355
+13
🇨🇳 Slavs · China
1329
+14
🇻🇳 Ethiopians · Vietnam
1244
+17
🇳🇿 Franks · New Zealand
1437
-21
🇯🇵 Spanish · Japan
1247
-13
1158
-10
Les from town and country motors
10:51 Feudal Age
12:58 Loom
16:41 Castle Age
15:21 Double-Bit Axe
18:24 Bow Saw
19:51 Forging
20:45 Husbandry
22:26 Bloodlines
22:41 Gold Mining
24:14 Scale Barding Armor
27:20 Chain Barding Armor
27:37 Paiks
29:19 Iron Casting
32:59 Gold Shaft Mining
36:44 Imperial Age
34:41 Light Cavalry
36:22 Fletching
42:16 Wheelbarrow
42:26 Bodkin Arrow
44:12 Blast Furnace
46:09 Plate Barding Armor
46:29 Hand Cart
47:21 Elite Battle Elephant
Port Moresby
11:36 Feudal Age
11:57 Loom
16:52 Castle Age
16:32 Double-Bit Axe
16:42 Horse Collar
29:46 Gold Mining
34:48 Wheelbarrow
35:19 Stone Mining
35:46 Scale Barding Armor
36:36 Forging
36:14 Light Cavalry
37:00 Husbandry
39:36 Town Watch
41:16 Bloodlines
42:10 Iron Casting
42:11 Bow Saw
42:58 Chain Barding Armor
46:36 Imperial Age
44:32 Pikeman
45:26 Scale Mail Armor
46:39 Chain Mail Armor
Skilgannon
11:29 Feudal Age
9:51 Loom
12:06 Double-Bit Axe
17:03 Castle Age
16:16 Gold Mining
18:33 Wheelbarrow
18:44 Scale Barding Armor
25:29 Bow Saw
25:37 Husbandry
27:14 Forging
30:49 Chain Barding Armor
34:00 Town Watch
36:20 Hand Cart
46:18 Imperial Age
47:10 Iron Casting
46:56 Town Patrol
46:41 Cavalier
47:44 Conscription
Wolong Qi
6:51 Loom
9:27 Feudal Age
11:44 Horse Collar
12:08 Double-Bit Axe
17:28 Bloodlines
21:35 Castle Age
20:15 Gold Mining
21:06 Fletching
21:58 Padded Archer Armor
21:46 Elite Skirmisher
24:22 Husbandry
26:36 Scale Barding Armor
30:37 Bow Saw
31:26 Wheelbarrow
31:15 Town Watch
31:53 Pikeman
32:34 Squires
32:56 Detinets
34:03 Hand Cart
35:03 Scale Mail Armor
36:01 Chain Mail Armor
35:57 Forging
41:01 Imperial Age
39:49 Heavy Plow
40:21 Ballistics
40:18 Leather Archer Armor
40:26 Chain Barding Armor
41:19 Gold Shaft Mining
41:05 Halberdier
41:08 Capped Ram
42:46 Crop Rotation
43:39 Chemistry
43:03 Cavalier
44:09 Siege Ram
45:21 Conscription
45:35 Stone Mining
46:03 Druzhina
47:47 Plate Mail Armor
47:53 Iron Casting
47:55 Plate Barding Armor
47:49 Bodkin Arrow
LeMeow
10:01 Feudal Age
11:36 Loom
11:37 Town Watch
15:02 Double-Bit Axe
16:06 Fletching
17:49 Wheelbarrow
23:14 Castle Age
22:52 Padded Archer Armor
23:23 Gold Mining
23:46 Crossbowman
24:31 Thumb Ring
27:12 Bodkin Arrow
27:33 Leather Archer Armor
28:37 Leather Archer Armor
29:58 Ballistics
32:59 Hand Cart
35:40 Horse Collar
40:09 Imperial Age
40:32 Arbalester
42:36 Chemistry
41:57 Bow Saw
43:28 Gold Shaft Mining
44:02 Two-Man Saw
43:30 Bracer
44:01 Ring Archer Armor
TPE-床上小旋風
7:04 Loom
10:09 Feudal Age
10:46 Double-Bit Axe
16:29 Horse Collar
19:19 Bloodlines
19:17 Scale Barding Armor
19:48 Wheelbarrow
19:21 Gold Mining
20:47 Stone Mining
23:28 Castle Age
24:49 Chain Barding Armor
24:49 Bow Saw
25:48 Husbandry
30:19 Hand Cart
32:37 Gold Shaft Mining
33:38 Corvinian Army
36:34 Fletching
41:38 Imperial Age
41:52 Cavalier
43:10 Plate Barding Armor
43:43 Paladin
47:51 Town Watch
Connection lost

Rejoining the realm…

Still unreachable

The connection could not be restored.

Session expired

The server has moved on; the page needs a fresh start.